[Event "29. Klatovy A 2023"]
[Site "Klatovy"]
[Date "2023.07.06"]
[Round "6.8"]
[White "Dvorak, Jan"]
[Black "Pycha, Patrik"]
[Result "1/2-1/2"]
[ECO "D58"]
[WhiteElo "2176"]
[BlackElo "2058"]
[PlyCount "52"]
[EventDate "2023.07.01"]
[EventType "swiss"]
[EventRounds "9"]
[EventCountry "CZE"]
[TimeControl "120+30"]

1. d4 d5 2. c4 e6 3. Nc3 Nf6 4. Bg5 Be7 5. e3 h6 6. Bh4 O-O 7. Nf3 b6 8. Rc1 Bb7 9. Bxf6 Bxf6 10. cxd5 exd5 11. b4 c6 12. Be2 Nd7 13. O-O Be7 14. Qb3 Nf6 15. Rfd1 Bd6 16. Ne5 Qe7 17. Nd3 Rfd8 18. Rb1 Ne4 19. Bf1 Rac8 20. g3 h5 21. Bg2 Ba6 22. a3 h4 23. Qc2 Nxc3 24. Qxc3 Bb8 25. Re1 hxg3 26. hxg3 Qf6 1/2-1/2

[Event "29. Klatovy A 2023"]
[Site "Klatovy"]
[Date "2023.07.06"]
[Round "6.9"]
[White "Munk, Petr"]
[Black "Skypala, Ondrej"]
[Result "1-0"]
[ECO "A30"]
[WhiteElo "2096"]
[BlackElo "2163"]
[PlyCount "77"]
[EventDate "2023.07.01"]
[EventType "swiss"]
[EventRounds "9"]
[EventCountry "CZE"]
[TimeControl "120+30"]

1. c4 Nf6 2. Nf3 e6 3. b3 b6 4. g3 Bb7 5. Bg2 c5 6. O-O d6 7. d4 Be7 8. Nc3 O-O 9. Qc2 cxd4 10. Nxd4 Bxg2 11. Kxg2 d5 12. Rd1 Qc8 13. cxd5 Bb4 14. Bb2 Bxc3 15. Qxc3 Qxc3 16. Bxc3 Nxd5 17. Bb2 Rd8 18. Rac1 h5 19. e4 Nb4 20. a3 N4c6 21. Nxc6 Nxc6 22. Rxd8+ Nxd8 23. Rc7 a6 24. Bd4 Rb8 25. b4 f6 26. f4 b5 27. e5 f5 28. Kf3 Ra8 29. Bb6 Rb8 30. Bc5 Nb7 31. Ba7 Rd8 32. Rxb7 Rd3+ 33. Kg2 Rxa3 34. Bb6 g5 35. fxg5 Rb3 36. Bc5 Re3 37. Ra7 Ra3 38. Be7 h4 39. Bf6 1-0

[Event "29. Klatovy A 2023"]
[Site "Klatovy"]
[Date "2023.07.06"]
[Round "6.10"]
[White "Zhang, Brian"]
[Black "Folk, Petr"]
[Result "0-1"]
[ECO "B48"]
[WhiteElo "1821"]
[BlackElo "2135"]
[PlyCount "58"]
[EventDate "2023.07.01"]
[EventType "swiss"]
[EventRounds "9"]
[EventCountry "CZE"]
[TimeControl "120+30"]

1. e4 c5 2. Nf3 e6 3. d4 cxd4 4. Nxd4 a6 5. Nc3 Qc7 6. Bd3 Nf6 7. Be3 Nc6 8. Qe2 Be7 9. O-O O-O 10. f4 d6 11. Nb3 b5 12. g4 d5 13. exd5 Nxd5 14. Nxd5 exd5 15. c3 Bd6 16. Qf3 Re8 17. Nd4 Bc5 18. Bf2 Bb7 19. Rad1 b4 20. Nxc6 Qxc6 21. cxb4 Bxf2+ 22. Rxf2 Qb6 23. Qh3 g6 24. f5 Re3 25. Qh4 Rae8 26. Bf1 d4 27. fxg6 hxg6 28. Rd3 Qc6 29. Rg2 Rxd3 0-1

[Event "29. Klatovy A 2023"]
[Site "Klatovy"]
[Date "2023.07.06"]
[Round "6.11"]
[White "Mametev, Artem"]
[Black "Hladky, Tadeas"]
[Result "1/2-1/2"]
[ECO "C07"]
[WhiteElo "1991"]
[BlackElo "2046"]
[PlyCount "53"]
[EventDate "2023.07.01"]
[EventType "swiss"]
[EventRounds "9"]
[EventCountry "CZE"]
[TimeControl "120+30"]

1. e4 e6 2. d4 d5 3. Nd2 c5 4. Ngf3 cxd4 5. Nxd4 Nf6 6. exd5 Qxd5 7. Nb5 Qd8 8. Nc4 Nd5 9. Ne3 a6 10. Nxd5 exd5 11. Nd4 Bd6 12. Bd3 O-O 13. O-O Nc6 14. Nf5 Bxf5 15. Bxf5 Qf6 16. Bd3 Rad8 17. Qh5 h6 18. Qf5 Qxf5 19. Bxf5 Rfe8 20. Bd2 Nd4 21. Bd3 Ne2+ 22. Bxe2 Rxe2 23. Rad1 Be5 24. c3 d4 25. Rfe1 Rxe1+ 26. Bxe1 Bf6 27. Kf1 1/2-1/2

[Event "29. Klatovy A 2023"]
[Site "Klatovy"]
[Date "2023.07.06"]
[Round "6.12"]
[White "Kopta, Pavel"]
[Black "Martirosyan, David"]
[Result "1/2-1/2"]
[ECO "D31"]
[WhiteElo "2209"]
[BlackElo "1908"]
[PlyCount "37"]
[EventDate "2023.07.01"]
[EventType "swiss"]
[EventRounds "9"]
[EventCountry "CZE"]
[TimeControl "120+30"]

1. d4 d5 2. c4 e6 3. Nc3 a6 4. cxd5 exd5 5. Qb3 c6 6. Nf3 Nf6 7. Bg5 Be7 8. e3 Nbd7 9. Bd3 O-O 10. O-O Re8 11. Rac1 Ne4 12. Bxe4 Bxg5 13. Bf5 Be7 14. Bxd7 Qxd7 15. Na4 Qg4 16. Nb6 Rb8 17. Ne5 Qf5 18. Nxc8 Rexc8 19. Rfe1 1/2-1/2

[Event "29. Klatovy A 2023"]
[Site "Klatovy"]
[Date "2023.07.06"]
[Round "6.13"]
[White "Jordanov, Mihail"]
[Black "Polak, Michal 2002"]
[Result "1/2-1/2"]
[ECO "C65"]
[WhiteElo "2140"]
[BlackElo "1959"]
[PlyCount "84"]
[EventDate "2023.07.01"]
[EventType "swiss"]
[EventRounds "9"]
[EventCountry "CZE"]
[TimeControl "120+30"]

1. e4 e5 2. Nf3 Nc6 3. Bb5 Nf6 4. Qe2 Be7 5. O-O d6 6. c3 Bd7 7. Rd1 O-O 8. d4 Qc8 9. Bg5 Re8 10. dxe5 Nxe5 11. Nxe5 Bxb5 12. Qxb5 dxe5 13. Bxf6 Bxf6 14. Nd2 c6 15. Qb3 Be7 16. Nc4 Qc7 17. Rd3 Rad8 18. Rad1 g6 19. g3 Rxd3 20. Rxd3 Rd8 21. Rxd8+ Bxd8 22. Qd1 Be7 23. Kg2 Kg7 24. Qd3 Bc5 25. b4 Be7 26. a4 h5 27. h4 Kg8 28. Ne3 a5 29. bxa5 Qxa5 30. Qd7 Bf8 31. Qxb7 Qxa4 32. c4 Bc5 33. Qb8+ Kh7 34. Qe8 Qa7 35. Nd1 Qc7 36. Nc3 Kg7 37. Ne2 Qd6 38. Ng1 Qd4 39. Nh3 Qxe4+ 40. Kg1 Qe1+ 41. Kg2 Qe4+ 42. Kg1 Qe1+ 1/2-1/2

[Event "29. Klatovy A 2023"]
[Site "Klatovy"]
[Date "2023.07.06"]
[Round "6.14"]
[White "Holy, Filip"]
[Black "Zhang, Michelle 2013"]
[Result "0-1"]
[ECO "D42"]
[WhiteElo "2129"]
[BlackElo "1724"]
[PlyCount "126"]
[EventDate "2023.07.01"]
[EventType "swiss"]
[EventRounds "9"]
[EventCountry "CZE"]
[TimeControl "120+30"]

1. e4 c6 2. d4 d5 3. exd5 cxd5 4. c4 Nf6 5. Nc3 e6 6. Nf3 Be7 7. cxd5 Nxd5 8. Bd3 Nc6 9. O-O O-O 10. Re1 Nf6 11. a3 b6 12. Bc2 Ba6 13. Bf4 Rc8 14. Rc1 Na5 15. Bb1 Bc4 16. Qc2 Bb3 17. Qd3 Bc4 18. Qc2 Bd5 19. Ng5 g6 20. Nh3 Bb3 21. Qd3 Bc4 22. Qe3 Bb3 23. Be5 Ng4 24. Qg3 Nxe5 25. dxe5 Qd2 26. Nf4 Rc4 27. Nce2 Rxc1 28. Rxc1 Rd8 29. h4 Bd1 30. Rc7 Bxe2 31. Rxe7 Qe1+ 32. Kh2 Qxb1 33. Nxe2 Qf5 34. Qf4 Nc6 35. Qxf5 exf5 36. Rc7 Nxe5 37. Kg3 a5 38. Nf4 Nd3 39. Rb7 Nxb2 40. Rxb6 Nc4 41. Rb3 Nd2 42. Rd3 Ne4+ 43. Kf3 Rb8 44. Ne2 a4 45. Ke3 Nc5 46. Rc3 Ne4 47. Rd3 Re8 48. Kf3 f6 49. Nc3 Nxc3 50. Rxc3 Re4 51. g3 Kg7 52. Rc7+ Kg8 53. Ra7 Rc4 54. Kg2 f4 55. gxf4 Rxf4 56. Kg3 Rc4 57. f3 h5 58. Ra6 Kg7 59. Ra7+ Kh6 60. Kh3 g5 61. hxg5+ Kxg5 62. Ra6 f5 63. Kg3 h4+ 0-1

[Event "29. Klatovy A 2023"]
[Site "Klatovy"]
[Date "2023.07.06"]
[Round "6.15"]
[White "Honcharov, Makar"]
[Black "Ret, Adam Josef"]
[Result "0-1"]
[ECO "B33"]
[WhiteElo "1696"]
[BlackElo "2133"]
[PlyCount "132"]
[EventDate "2023.07.01"]
[EventType "swiss"]
[EventRounds "9"]
[EventCountry "CZE"]
[TimeControl "120+30"]

1. e4 c5 2. Nf3 Nc6 3. d4 cxd4 4. Nxd4 Nf6 5. Nc3 e5 6. Ndb5 d6 7. Bg5 a6 8. Na3 b5 9. Nd5 Be7 10. Bxf6 Bxf6 11. c4 b4 12. Nc2 a5 13. g3 O-O 14. Bg2 Be6 15. b3 Bg5 16. O-O Qb8 17. Qd3 Nd8 18. Rad1 Nb7 19. f4 Nc5 20. Qe2 Bd8 21. Kh1 f6 22. Rd2 Bxd5 23. Rxd5 a4 24. Rfd1 Bc7 25. h4 axb3 26. axb3 Ra2 27. Bh3 Nxb3 28. c5 Na5 29. cxd6 Bb6 30. Rb5 Rb2 31. Rxb4 Rxb4 32. Nxb4 Kh8 33. Qb5 Qb7 34. Nd5 Bd8 35. Qc5 Qb3 36. Ne3 Bb6 37. Qd5 Qxe3 38. Qd3 Qxd3 39. Rxd3 Nc6 40. d7 Nd4 41. Kg2 Kg8 42. Rc3 Kf7 43. Rc8 Ke7 44. Bg4 Rd8 45. h5 g6 46. fxe5 fxe5 47. h6 Kd6 48. Kh3 Bc7 49. Kh4 Nc6 50. Kg5 Ba5 51. Kf6 Nd4 52. Kg7 Ne6+ 53. Bxe6 Kxe6 54. Rxd8 Bxd8 55. Kxh7 Kf7 56. g4 Bf6 57. d8=Q Bxd8 58. Kh8 Be7 59. Kh7 Bf6 60. g5 Bxg5 61. Kh8 Bxh6 62. Kh7 g5 63. Kxh6 g4 64. Kg5 g3 65. Kf5 g2 66. Kxe5 g1=Q 0-1

[Event "29. Klatovy A 2023"]
[Site "Klatovy"]
[Date "2023.07.06"]
[Round "6.16"]
[White "Pecka, Jan"]
[Black "Kroulik, Vaclav"]
[Result "1/2-1/2"]
[ECO "A13"]
[WhiteElo "2054"]
[BlackElo "1750"]
[PlyCount "94"]
[EventDate "2023.07.01"]
[EventType "swiss"]
[EventRounds "9"]
[EventCountry "CZE"]
[TimeControl "120+30"]

1. e3 d5 2. c4 e6 3. Nf3 Nf6 4. b3 b6 5. Bb2 Bb7 6. Be2 Bd6 7. O-O O-O 8. d3 Nbd7 9. Nbd2 Re8 10. Rc1 Rc8 11. Qc2 c5 12. Qb1 Qe7 13. Rfe1 Qf8 14. Qa1 Bb8 15. Bf1 a6 16. a3 dxc4 17. Nxc4 b5 18. Nce5 Nxe5 19. Nxe5 Red8 20. f4 Nd5 21. Rc2 f6 22. Ng4 Ba7 23. Qc1 h5 24. Nf2 Qf7 25. e4 Ne7 26. Be2 Nc6 27. Qd1 Nd4 28. Bxd4 Rxd4 29. Bxh5 g6 30. Bg4 f5 31. Bf3 c4 32. bxc4 bxc4 33. Qc1 Qd7 34. dxc4 Bxe4 35. Bxe4 Rxe4 36. Rxe4 fxe4 37. c5 Qd4 38. Rd2 Qxc5 39. Qd1 Qc1 40. Rd8+ Kf7 41. Rd7+ Ke8 42. Rxa7 e3 43. Rd7 exf2+ 44. Kf1 Qxf4 45. Rd4 Qe5 46. Qa4+ Qb5+ 47. Kxf2 Qxa4 1/2-1/2

[Event "29. Klatovy A 2023"]
[Site "Klatovy"]
[Date "2023.07.06"]
[Round "6.17"]
[White "Flajsman, Petr"]
[Black "Folkova, Martina"]
[Result "1/2-1/2"]
[ECO "D02"]
[WhiteElo "1956"]
[BlackElo "2049"]
[PlyCount "46"]
[EventDate "2023.07.01"]
[EventType "swiss"]
[EventRounds "9"]
[EventCountry "CZE"]
[TimeControl "120+30"]

1. d4 d5 2. Bf4 e6 3. e3 Bd6 4. Nf3 Bxf4 5. exf4 Qd6 6. Qd2 b6 7. Bb5+ c6 8. Bd3 a5 9. O-O Ba6 10. g3 Ne7 11. c3 Bxd3 12. Qxd3 Nd7 13. Ne5 O-O 14. Nd2 Rfc8 15. Rfe1 Nf8 16. Re2 c5 17. Ndf3 c4 18. Qc2 f6 19. Ng4 b5 20. Rae1 b4 21. h4 Rcb8 22. h5 h6 23. Nh4 f5 1/2-1/2

[Event "29. Klatovy A 2023"]
[Site "Klatovy"]
[Date "2023.07.06"]
[Round "6.18"]
[White "Filindash, Nikita"]
[Black "Stary, Vojtech"]
[Result "0-1"]
[ECO "D85"]
[WhiteElo "2011"]
[BlackElo "1822"]
[PlyCount "76"]
[EventDate "2023.07.01"]
[EventType "swiss"]
[EventRounds "9"]
[EventCountry "CZE"]
[TimeControl "120+30"]

1. d4 Nf6 2. c4 g6 3. Nc3 d5 4. cxd5 Nxd5 5. e4 Nxc3 6. bxc3 Bg7 7. Nf3 c5 8. Be3 Qa5 9. Qd2 Nc6 10. Rc1 cxd4 11. cxd4 Qxd2+ 12. Kxd2 O-O 13. d5 Rd8 14. Kc2 Nb4+ 15. Kb3 Na6 16. Bxa6 bxa6 17. Bd4 Rb8+ 18. Ka3 Bf8 19. Bc5 Rb5 20. Rhd1 Ra5+ 21. Kb3 Rb5+ 22. Kc4 Rd7 23. a4 Rb2 24. Rc3 Rdb7 25. Rd2 Bg7 26. Rxb2 Rxb2 27. e5 Bd7 28. Rb3 Rc2+ 29. Rc3 Ra2 30. Bxa7 Rxa4+ 31. Kd3 Bb5+ 32. Ke3 Rc4 33. Rb3 Bh6+ 34. Kd3 Rc7+ 35. Kd4 Rxa7 36. d6 Rd7 37. Kc5 exd6+ 38. exd6 Bf8 0-1

[Event "29. Klatovy A 2023"]
[Site "Klatovy"]
[Date "2023.07.07"]
[Round "7.1"]
[White "Slovak, Kilian"]
[Black "Straka, Vojtech"]
[Result "1/2-1/2"]
[ECO "B27"]
[WhiteElo "2297"]
[BlackElo "2433"]
[PlyCount "29"]
[EventDate "2023.07.01"]
[EventType "swiss"]
[EventRounds "9"]
[EventCountry "CZE"]
[TimeControl "120+30"]

1. e4 c5 2. Nf3 g6 3. d4 cxd4 4. Qxd4 Nf6 5. e5 Nc6 6. Qa4 Nd5 7. Qe4 Nb6 8. Nc3 Bg7 9. Bf4 d5 10. exd6 Bf5 11. dxe7 Bxc3+ 12. bxc3 Bxe4 13. exd8=Q+ Rxd8 14. Nd4 O-O 15. O-O-O 1/2-1/2

[Event "29. Klatovy A 2023"]
[Site "Klatovy"]
[Date "2023.07.07"]
[Round "7.2"]
[White "Soural, Jan"]
[Black "Horak, Martin"]
[Result "1/2-1/2"]
[ECO "A28"]
[WhiteElo "2176"]
[BlackElo "2266"]
[PlyCount "48"]
[EventDate "2023.07.01"]
[EventType "swiss"]
[EventRounds "9"]
[EventCountry "CZE"]
[TimeControl "120+30"]

1. c4 e5 2. Nc3 Nf6 3. Nf3 Nc6 4. e4 Bc5 5. Nxe5 Nxe5 6. d4 Bb4 7. dxe5 Nxe4 8. Qf3 Nxc3 9. bxc3 Ba5 10. Bf4 Qe7 11. Be2 O-O 12. Rd1 Bb6 13. O-O f6 14. Qd5+ Kh8 15. exf6 Qxf6 16. Be5 Qc6 17. c5 Bxc5 18. Bxg7+ Kxg7 19. Qg5+ Kh8 20. Qe5+ Rf6 21. Rd3 Bf8 22. Rf3 Bg7 23. Qe8+ Bf8 24. Qe5 Bg7 1/2-1/2

[Event "29. Klatovy A 2023"]
[Site "Klatovy"]
[Date "2023.07.07"]
[Round "7.3"]
[White "Neuman, Petr"]
[Black "Hurdzan, Tomas"]
[Result "1/2-1/2"]
[ECO "A20"]
[WhiteElo "2398"]
[BlackElo "2309"]
[PlyCount "86"]
[EventDate "2023.07.01"]
[EventType "swiss"]
[EventRounds "9"]
[EventCountry "CZE"]
[TimeControl "120+30"]

1. g3 e5 2. c4 Nf6 3. Bg2 c6 4. Nf3 e4 5. Nd4 d5 6. cxd5 Qxd5 7. Nc2 Qh5 8. Ne3 Bh3 9. Nc3 Bxg2 10. Nxg2 Bc5 11. d3 exd3 12. Qxd3 O-O 13. Nf4 Qe5 14. Qf3 Qf5 15. h3 Nbd7 16. g4 Qc2 17. Qd3 Qxd3 18. Nxd3 Bb6 19. Bf4 Rfe8 20. O-O-O Nf8 21. e3 Ne4 22. Nxe4 Rxe4 23. Kc2 Ree8 24. Rd2 Rad8 25. Rhd1 Ne6 26. Bg3 f6 27. h4 Kf7 28. a3 Rd5 29. Nf4 Nxf4 30. Bxf4 Rxd2+ 31. Rxd2 Rd8 32. Rxd8 Bxd8 33. h5 Ke6 34. e4 g6 35. Kd3 a6 36. hxg6 hxg6 37. Be3 g5 38. f4 gxf4 39. Bxf4 Bb6 40. a4 Bf2 41. b3 b5 42. Bh2 Bb6 43. Bf4 Bf2 1/2-1/2

[Event "29. Klatovy A 2023"]
[Site "Klatovy"]
[Date "2023.07.07"]
[Round "7.4"]
[White "Jurek, Josef"]
[Black "Palek, Miroslav"]
[Result "1-0"]
[ECO "E66"]
[WhiteElo "2251"]
[BlackElo "2091"]
[PlyCount "79"]
[EventDate "2023.07.01"]
[EventType "swiss"]
[EventRounds "9"]
[EventCountry "CZE"]
[TimeControl "120+30"]

1. Nf3 Nf6 2. c4 g6 3. d4 Bg7 4. g3 O-O 5. Bg2 d6 6. Nc3 Nc6 7. O-O a6 8. d5 Na5 9. Nd2 c5 10. Qc2 Rb8 11. b3 b5 12. Bb2 bxc4 13. bxc4 e5 14. Rae1 Bh6 15. Ncb1 Nh5 16. Bc3 Bd7 17. e3 Ng7 18. Na3 Qc7 19. Rb1 Rfc8 20. Rb2 Nb7 21. Rfb1 Nd8 22. Nb3 Nb7 23. Bf1 Ne8 24. Qd2 Bf8 25. Bd3 Be7 26. Nc2 Bf8 27. Ne1 Be7 28. Qd1 Bf6 29. Nd2 Nd8 30. Ba5 Qa7 31. Bb6 Qa8 32. e4 Rb7 33. Bc2 Kf8 34. Ba4 Bb5 35. cxb5 Rxb6 36. Nc4 Rbb8 37. b6 Nb7 38. Bc6 a5 39. Qa4 Qa6 40. Rb5 1-0

[Event "29. Klatovy A 2023"]
[Site "Klatovy"]
[Date "2023.07.07"]
[Round "7.5"]
[White "Folk, Petr"]
[Black "Jun, Rudolf"]
[Result "0-1"]
[ECO "B85"]
[WhiteElo "2135"]
[BlackElo "2223"]
[PlyCount "82"]
[EventDate "2023.07.01"]
[EventType "swiss"]
[EventRounds "9"]
[EventCountry "CZE"]
[TimeControl "120+30"]

1. e4 c5 2. Nf3 e6 3. d4 cxd4 4. Nxd4 a6 5. Nc3 d6 6. Be2 Nc6 7. Be3 Nf6 8. f4 Be7 9. O-O Qc7 10. a4 O-O 11. Kh1 Nxd4 12. Qxd4 e5 13. Qd3 Bd7 14. a5 Rac8 15. f5 Rfe8 16. Rfc1 Bc6 17. Bb6 Qb8 18. Rd1 Nd7 19. Be3 Qc7 20. Rdc1 Nc5 21. Bxc5 dxc5 22. Nd5 Bxd5 23. Qxd5 Red8 24. Qb3 c4 25. Qg3 Qc6 26. Re1 Bf6 27. Bf1 Rd4 28. Qf3 Rcd8 29. Rad1 Rxd1 30. Rxd1 Rxd1 31. Qxd1 Qxe4 32. Qd7 g6 33. fxg6 hxg6 34. Qc8+ Kg7 35. Qxc4 Qe1 36. c3 Qa1 37. Kg1 Qxa5 38. b4 Qa1 39. Qe4 Qxc3 40. Qxb7 Qe3+ 41. Kh1 e4 0-1

[Event "29. Klatovy A 2023"]
[Site "Klatovy"]
[Date "2023.07.07"]
[Round "7.7"]
[White "Vorisek, Jaroslav"]
[Black "Pycha, Patrik"]
[Result "1-0"]
[ECO "E11"]
[WhiteElo "2260"]
[BlackElo "2058"]
[PlyCount "61"]
[EventDate "2023.07.01"]
[EventType "swiss"]
[EventRounds "9"]
[EventCountry "CZE"]
[TimeControl "120+30"]

1. d4 Nf6 2. Nf3 e6 3. c4 Bb4+ 4. Bd2 a5 5. Qc2 d6 6. Nc3 Nbd7 7. g3 O-O 8. Bg2 e5 9. O-O Qe7 10. e4 Bxc3 11. Bxc3 b6 12. Nh4 g6 13. b3 Nh5 14. Nf3 f6 15. Rae1 Ng7 16. Re2 c5 17. d5 Rf7 18. Ne1 Ba6 19. a4 Raf8 20. f4 Bc8 21. Nd3 g5 22. Ref2 Ne8 23. Bh3 Nc7 24. Qe2 h6 25. Bf5 Rg7 26. Kh1 Qe8 27. Qd1 Rff7 28. Qh5 Nf8 29. Bxc8 Qxc8 30. fxe5 dxe5 31. Nxe5 1-0

[Event "29. Klatovy A 2023"]
[Site "Klatovy"]
[Date "2023.07.07"]
[Round "7.8"]
[White "Zhang, Michelle 2013"]
[Black "Flajsman, Pavel"]
[Result "0-1"]
[ECO "B06"]
[WhiteElo "1724"]
[BlackElo "2192"]
[PlyCount "194"]
[EventDate "2023.07.01"]
[EventType "swiss"]
[EventRounds "9"]
[EventCountry "CZE"]
[TimeControl "120+30"]

1. e4 g6 2. d4 Bg7 3. Nc3 d6 4. Nf3 a6 5. Bf4 b5 6. a3 Bb7 7. Bd3 Nd7 8. O-O c5 9. Be3 cxd4 10. Bxd4 Ngf6 11. Re1 O-O 12. h3 Nc5 13. e5 Nxd3 14. Qxd3 dxe5 15. Nxe5 Qc7 16. Rad1 Rad8 17. Qe3 Nd5 18. Nxd5 Rxd5 19. Qc3 Qd6 20. Rd3 Rc8 21. Qd2 Rd8 22. Bc3 Rxd3 23. Qxd3 Qxd3 24. cxd3 e6 25. d4 Bf6 26. Kh2 Bd5 27. Re3 Bg5 28. Re1 Be7 29. Re3 Bd6 30. Kg1 f6 31. Nd3 Kf7 32. Nb4 Bb7 33. Nd3 Ra8 34. Ba5 Bd5 35. Kf1 Rc8 36. Bc3 Bc4 37. Kg1 a5 38. g3 Bxd3 39. Rxd3 b4 40. axb4 axb4 41. Be1 Rc2 42. Rb3 Rc1 43. Kf1 Rd1 44. Ke2 Rxd4 45. Rd3 Re4+ 46. Kd1 Ke7 47. f3 Rc4 48. b3 Rc6 49. Rd4 Rb6 50. Rc4 Kd7 51. Kc2 Rb5 52. g4 h5 53. Bd2 h4 54. f4 Be7 55. Be1 g5 56. Bd2 Bd6 57. fxg5 fxg5 58. Rd4 Kc6 59. Kb1 Be7 60. Rc4+ Kd5 61. Be3 e5 62. Bd2 Rb7 63. Kc2 e4 64. Be3 Rb5 65. Rd4+ Ke5 66. Rc4 Rd5 67. Rc7 Ke6 68. Rc4 Ke5 69. Rc7 Bf6 70. Bd2 Rb5 71. Be3 Kd6 72. Rc4 Kd5 73. Rc7 Ra5 74. Rb7 Bc3 75. Bxg5 Kc6 76. Re7 Rxg5 77. Rxe4 Kd5 78. Re8 Kd4 79. Re6 Ra5 80. Rd6+ Ke3 81. Rd3+ Kf4 82. Kd1 Ra1+ 83. Kc2 Rg1 84. g5 Rg2+ 85. Kc1 Rxg5 86. Rd7 Kg3 87. Rd3+ Kg2 88. Re3 Rg3 89. Re2+ Kxh3 90. Re4 Rf3 91. Re7 Kg2 92. Rh7 h3 93. Rh6 h2 94. Rg6+ Rg3 95. Rh6 h1=Q+ 96. Rxh1 Kxh1 97. Kc2 Be5 0-1

[Event "29. Klatovy A 2023"]
[Site "Klatovy"]
[Date "2023.07.07"]
[Round "7.9"]
[White "Kishore, Kumar Jaganathan"]
[Black "Dvorak, Jan"]
[Result "0-1"]
[ECO "E09"]
[WhiteElo "1860"]
[BlackElo "2176"]
[PlyCount "60"]
[EventDate "2023.07.01"]
[EventType "swiss"]
[EventRounds "9"]
[EventCountry "CZE"]
[TimeControl "120+30"]

1. d4 e6 2. c4 Nf6 3. g3 d5 4. Nf3 Be7 5. Bg2 O-O 6. O-O Nbd7 7. Qc2 c6 8. Nbd2 b6 9. e4 Ba6 10. Re1 Rc8 11. e5 Ne8 12. b3 Nc7 13. Bb2 c5 14. Rad1 b5 15. dxc5 Bxc5 16. Bd4 bxc4 17. bxc4 Bxd4 18. Nxd4 Nb5 19. Qb2 Nxd4 20. Qxd4 Bxc4 21. Nxc4 Rxc4 22. Qxa7 Rc5 23. h4 Ra5 24. Qd4 Rxa2 25. h5 Qg5 26. Rc1 Rfa8 27. Rc7 Nf8 28. Bf3 R2a4 29. Qc5 Qf5 30. Bg2 Ra1 0-1

[Event "29. Klatovy A 2023"]
[Site "Klatovy"]
[Date "2023.07.07"]
[Round "7.10"]
[White "Kupsa, Matej 2001"]
[Black "Mametev, Artem"]
[Result "1-0"]
[ECO "D00"]
[WhiteElo "2145"]
[BlackElo "1991"]
[PlyCount "111"]
[EventDate "2023.07.01"]
[EventType "swiss"]
[EventRounds "9"]
[EventCountry "CZE"]
[TimeControl "120+30"]

1. d4 d5 2. f4 Nf6 3. Nf3 Bf5 4. e3 e6 5. Be2 Bd6 6. O-O O-O 7. Nbd2 Nbd7 8. Ne5 Ne4 9. g4 Nxd2 10. Bxd2 Be4 11. Be1 Nxe5 12. fxe5 Be7 13. Bd3 Bg5 14. Qe2 Bxd3 15. Qxd3 Bh4 16. Rf4 Bxe1 17. Rxe1 Qh4 18. Ref1 f6 19. exf6 Rxf6 20. Rxf6 gxf6 21. Qe2 Kf7 22. Rf2 Rg8 23. Rg2 c6 24. Kf1 h5 25. gxh5 Qh3 26. h6 Rxg2 27. Qxg2 Qxh6 28. Qg3 Qh5 29. Ke1 e5 30. dxe5 fxe5 31. Kd2 c5 32. Qg2 e4 33. Qg3 b6 34. Qf4+ Ke6 35. c4 Kd7 36. h4 a6 37. a4 Ke6 38. Qc7 Qxh4 39. Qxb6+ Kd7 40. Qb7+ Ke8 41. Qc6+ Kf7 42. Qxd5+ Ke8 43. Qxc5 Qf2+ 44. Kc3 Qe1+ 45. Kd4 Qd2+ 46. Kxe4 Qc2+ 47. Kd5 Qxb2 48. Qc8+ Ke7 49. Qe6+ Kd8 50. Qd6+ Kc8 51. Qxa6+ Kd8 52. Qd6+ Kc8 53. a5 Qg2+ 54. e4 Qe2 55. Qe6+ Kd8 56. Kc6 1-0

[Event "29. Klatovy A 2023"]
[Site "Klatovy"]
[Date "2023.07.07"]
[Round "7.11"]
[White "Hladky, Tadeas"]
[Black "Ret, Adam Josef"]
[Result "1/2-1/2"]
[ECO "B31"]
[WhiteElo "2046"]
[BlackElo "2133"]
[PlyCount "40"]
[EventDate "2023.07.01"]
[EventType "swiss"]
[EventRounds "9"]
[EventCountry "CZE"]
[TimeControl "120+30"]

1. e4 c5 2. Nf3 Nc6 3. Bb5 g6 4. O-O Bg7 5. Re1 Nf6 6. e5 Nd5 7. Nc3 Nc7 8. Bxc6 dxc6 9. Ne4 b6 10. Nf6+ Kf8 11. Ne4 Bg4 12. d3 Ne6 13. h3 Bxf3 14. Qxf3 h6 15. Ng3 Nd4 16. Qd1 Qd5 17. f4 Rd8 18. Be3 f5 19. c3 Ne6 20. Qa4 Kf7 1/2-1/2

[Event "29. Klatovy A 2023"]
[Site "Klatovy"]
[Date "2023.07.07"]
[Round "7.12"]
[White "Stary, Vojtech"]
[Black "Jordanov, Mihail"]
[Result "0-1"]
[ECO "C47"]
[WhiteElo "1822"]
[BlackElo "2140"]
[PlyCount "140"]
[EventDate "2023.07.01"]
[EventType "swiss"]
[EventRounds "9"]
[EventCountry "CZE"]
[TimeControl "120+30"]

1. e4 e5 2. Nf3 Nc6 3. Nc3 Nf6 4. d4 exd4 5. Nxd4 Bb4 6. Nxc6 bxc6 7. Bd3 d5 8. exd5 cxd5 9. O-O O-O 10. Bg5 c6 11. Qf3 Bd6 12. h3 Rb8 13. b3 h6 14. Bf4 Be6 15. Bxd6 Qxd6 16. Rfe1 Rfe8 17. Ne2 Nd7 18. Nd4 g6 19. Qe3 Kg7 20. Nxe6+ fxe6 21. Qxa7 c5 22. Qa5 Rf8 23. Qd2 Rb4 24. Re3 e5 25. Rg3 e4 26. c3 Rb6 27. Bc2 Nf6 28. Re1 Re8 29. a4 d4 30. cxd4 cxd4 31. Rb1 Qb4 32. Qxb4 Rxb4 33. Rd1 Rc8 34. Rd2 g5 35. Bd1 Rc1 36. Kh2 e3 37. fxe3 Ne4 38. Rd3 Nf2 39. exd4 Rxd1 40. Rxd1 Nxd1 41. h4 Kg6 42. hxg5 hxg5 43. Rd3 Nf2 44. Rd2 Ne4 45. Rd3 Nf2 46. Rd2 Ne4 47. Rd3 Kf5 48. Kg1 Ke6 49. d5+ Kd6 50. g3 Nc5 51. Rf3 Rxb3 52. Rf5 Rxg3+ 53. Kh2 Ne4 54. Rf8 Ra3 55. Rd8+ Ke5 56. Ra8 Kxd5 57. a5 Kc5 58. Re8 Kd4 59. Ra8 Ke3 60. a6 g4 61. a7 Ra2+ 62. Kg1 Ra1+ 63. Kg2 g3 64. Rb8 Ra2+ 65. Kg1 Rxa7 66. Rb3+ Kf4 67. Rb1 Ra2 68. Rf1+ Rf2 69. Ra1 Nd2 70. Rc1 Nf3+ 0-1

[Event "29. Klatovy A 2023"]
[Site "Klatovy"]
[Date "2023.07.07"]
[Round "7.13"]
[White "Polak, Michal 2002"]
[Black "Kopta, Pavel"]
[Result "1/2-1/2"]
[ECO "B72"]
[WhiteElo "1959"]
[BlackElo "2209"]
[PlyCount "94"]
[EventDate "2023.07.01"]
[EventType "swiss"]
[EventRounds "9"]
[EventCountry "CZE"]
[TimeControl "120+30"]

1. e4 c5 2. Nf3 d6 3. d4 cxd4 4. Nxd4 Nf6 5. Nc3 g6 6. Bc4 Bg7 7. O-O O-O 8. Bb3 Nc6 9. h3 Bd7 10. Be3 Rc8 11. Nxc6 Bxc6 12. e5 dxe5 13. Qxd8 Rfxd8 14. Bxa7 e6 15. Rad1 Nd5 16. Ne4 Ra8 17. Bc5 b6 18. Ba3 Nf4 19. f3 Rd4 20. Nd6 Bf8 21. Nc4 Bxa3 22. Nxa3 Rad8 23. c3 Rd2 24. Rxd2 Rxd2 25. Rf2 Rxf2 26. Kxf2 Nd3+ 27. Ke3 Nxb2 28. Kd2 e4 29. Bc2 exf3 30. gxf3 b5 31. Be4 Bd7 32. h4 f5 33. Bd3 Nxd3 34. Kxd3 Kf7 35. Kd4 Kf6 36. f4 h6 37. c4 bxc4 38. Nxc4 g5 39. hxg5+ hxg5 40. fxg5+ Kxg5 41. Ke5 f4 42. Nd2 Kg4 43. a4 Kg3 44. a5 Bc8 45. Ne4+ Kf3 46. Ng5+ Ke3 47. a6 Bxa6 1/2-1/2

[Event "29. Klatovy A 2023"]
[Site "Klatovy"]
[Date "2023.07.07"]
[Round "7.14"]
[White "Skypala, Ondrej"]
[Black "Zhang, Brian"]
[Result "1-0"]
[ECO "E01"]
[WhiteElo "2163"]
[BlackElo "1821"]
[PlyCount "51"]
[EventDate "2023.07.01"]
[EventType "swiss"]
[EventRounds "9"]
[EventCountry "CZE"]
[TimeControl "120+30"]

1. c4 c6 2. g3 d5 3. Nf3 Nf6 4. Bg2 e6 5. O-O Nbd7 6. b3 Bd6 7. Bb2 O-O 8. d4 b6 9. Nbd2 Bb7 10. Rc1 Qe7 11. Ne5 Rac8 12. Re1 Rfd8 13. Nxd7 Qxd7 14. c5 Bf8 15. Qc2 g6 16. f3 Bg7 17. Rcd1 Qe7 18. b4 b5 19. e4 dxe4 20. fxe4 e5 21. Bh3 exd4 22. Bxc8 d3 23. Qb1 Bxc8 24. Nf3 Nxe4 25. Bxg7 Bg4 26. Rxd3 1-0

[Event "29. Klatovy A 2023"]
[Site "Klatovy"]
[Date "2023.07.07"]
[Round "7.15"]
[White "Simak, Roman"]
[Black "Pecka, Jan"]
[Result "0-1"]
[ECO "B20"]
[WhiteElo "1838"]
[BlackElo "2054"]
[PlyCount "30"]
[EventDate "2023.07.01"]
[EventType "swiss"]
[EventRounds "9"]
[EventCountry "CZE"]
[TimeControl "120+30"]

1. e4 c5 2. b3 d6 3. Bb2 Nf6 4. Nc3 Nc6 5. Bb5 Bd7 6. a4 g6 7. Nf3 Bg7 8. Qe2 O-O 9. O-O Nh5 10. Nd1 Bh6 11. g3 e5 12. Nh4 Nf4 13. gxf4 Qxh4 14. fxe5 Bh3 15. exd6 Qg5+ 0-1